 Dungeon Crawl Stone Soup version 0.19.0-19-g8c6edcc (webtiles) character file.

233136 nubinia the Sorcerer (level 18, -2/162 HPs)
             Began as a Purple Draconian Conjurer on Nov 9, 2016.
             Was a High Priest of Sif Muna.
             Killed by a resonance strike
             ... invoked by a ragged hierophant
              (24 damage)
             ... in the Desolation of Salt on Nov 13, 2016.
             The game lasted 07:18:44 (47239 turns).

nubinia the Sorcerer (Purple Draconian Conjurer)   Turns: 47239, Time: 07:18:44

Health: -2/162     AC: 28    Str: 14    XL:     18   Next: 40%
Magic:  25/44      EV: 17    Int: 23    God:    Sif Muna [*****.]
Gold:   1610       SH: 14    Dex: 18    Spells: 19 memorised, 2 levels left

rFire  . . .     SeeInvis .     b - +6 trident (protect)
rCold  . . .     Gourm    .     (armour unavailable)
rNeg   . . .     Faith    .     u - +3 shield of the Blue Moon {rCorr}
rPois  .         Spirit   .     (helmet restricted)
rElec  .         Reflect  .     q - +2 cloak
rCorr  +         Harm     .     R - +2 pair of gloves
MR     ++...     Clarity  +     e - +2 pair of boots {run}
Stlth  +++.......               Z - amulet of regeneration
                                v - +4 ring of dexterity
                                t - ring "Ubrypn" {EV+1 Str+3}

@: icy armour, swift, about to teleport, repel missiles, divine energy, quick
A: breathe power, unfitting armour, clarity, clever 1, sense surroundings 1,
robust 2, cold-blooded, AC +10
a: Breathe Dispelling Energy, Stop Divine Energy, Channel Magic, Forget Spell,
Renounce Religion
}: 2/15 runes: decaying, serpentine


You were in the Desolation of Salt.
You worshipped Sif Muna.
Sif Muna was extremely pleased with you.
You were near starving.

You visited 7 branches of the dungeon, and saw 31 of its levels.
You also visited: Labyrinth, Ice Cave and Desolation.

You collected 2477 gold pieces.
You spent 867 gold pieces at shops.

Inventory:

Hand Weapons
 b - a +6 trident of protection (weapon)
 d - the +0 morningstar "Ybluni" {crush, +Rage rPois MR++ Dex-4}
   (You bought it in a shop on level 2 of the Orcish Mines)

   It inflicts extra damage upon your enemies.
   It affects your dexterity (-4).
   It protects you from poison.
   It affects your resistance to hostile enchantments.
   It lets you go berserk.
 B - the +3 trident "Killer Klown's Curse" {freeze, Str+2 Dex+2}
   (You found it in an ice cave)

   It has been specially enchanted to freeze those struck by it, causing extra
   injury to most foes and up to half again as much damage against particularly
   susceptible opponents.
   It can also slow down cold-blooded creatures.
   It affects your strength (+2).
   It affects your dexterity (+2).
 N - a +3 blowgun
Missiles
 g - 17 curare-tipped needles
Armour
 e - a +2 pair of boots of running (worn)
 q - a +2 cloak (worn)
 u - the +3 shield of the Blue Moon (worn) {rCorr}
   (You took it off Asterion on level 3 of the Snake Pit)

   It protects you from acid and corrosion.
 R - a +2 pair of gloves (worn)
Magical Staves
 a - an uncursed staff of power
 m - an uncursed staff of air
Jewellery
 p - the ring "Ravim" {+Fly Dex+2}
   (You found it in the Desolation of Salt)

   [ring of flight]

   It affects your dexterity (+2).
   It lets you fly.
 t - the ring "Ubrypn" (left hand) {EV+1 Str+3}
   (You found it in the Desolation of Salt)

   [ring of evasion]

   It affects your evasion (+1).
   It affects your strength (+3).
 v - a +4 ring of dexterity (right hand)
 F - the ring "Muop" {Str-4 Int+7 Slay+1 SInv Stlth+}
   (You found it in the Desolation of Salt)

   [ring of slaying]

   It affects your strength (-4).
   It affects your intelligence (+7).
   It affects your accuracy and damage with ranged weapons and melee attacks
   (+1).
   It lets you see invisible.
   It makes you more stealthy.
 H - an uncursed ring of wizardry
 I - the ring "Lacruv" {rN+++ MR++ Str+4 Dex+4 SInv, unknown}
   (You found it in the Desolation of Salt)

   [ring of strength]

   It affects your strength (+4).
   It affects your dexterity (+4).
   It renders you almost immune to negative energy.
   It affects your resistance to hostile enchantments.
   It lets you see invisible.
 Z - an amulet of regeneration (around neck)
Wands
 i - a wand of iceblast (0/15)
 r - a wand of digging (12/24)
 C - a wand of iceblast (8/15)
 L - a wand of acid (3/15)
 O - a wand of lightning (2/15)
 T - a wand of disintegration (1/24)
 V - a wand of iceblast (0/15)
 W - a wand of teleportation (2/9)
 Y - a wand of lightning (4/15)
Scrolls
 h - 10 scrolls of remove curse
 l - 7 scrolls of recharging
 o - 11 scrolls of teleportation
 s - a scroll of silence
 y - 3 scrolls of fear
 M - 4 scrolls of identify
Potions
 c - a potion of magic
 f - 6 potions of brilliance
 j - 7 potions of haste
 k - 2 potions of might
 n - a potion of resistance
 z - 3 potions of heal wounds
 A - 9 potions of curing
 D - 4 potions of agility
 U - 2 potions of flight
Books
 x - the Disquisition on the Excruciating Mountains
   (You found it in the Desolation of Salt)

   Spells                             Type                      Level
   a - Magic Dart                     Conjuration                  1
   b - Passwall                       Transmutation/Earth          2
   c - Mephitic Cloud                 Conjuration/Poison/Air       3
   d - Force Lance                    Conjuration/Translocation    4
   e - Conjure Ball Lightning         Conjuration/Air              6
 G - Sif Muna's Catalogue of Lightness and Conjuration
   (Sif Muna gifted it to you in the Desolation of Salt)

   Spells                             Type                      Level
   a - Shock                          Conjuration/Air              1
   b - Airstrike                      Air                          4
   c - Chain Lightning                Conjuration/Air              8
Miscellaneous
 E - a lamp of fire
 Q - a sack of spiders
 S - a phial of floods
Comestibles
 w - 12 royal jellies


   Skills:
 + Level 6.0 Fighting
 + Level 5.5 Polearms
 + Level 6.8 Dodging
 + Level 6.3 Stealth
 + Level 7.8 Shields
 - Level 2.8 Unarmed Combat
 * Level 22.1 Spellcasting
 + Level 14.6 Conjurations
 + Level 6.2 Hexes
 * Level 13.0 Charms
 - Level 6.0 Necromancy
 + Level 3.0 Translocations
 + Level 1.8 Ice Magic
 + Level 4.5 Air Magic
 + Level 1.6 Poison Magic
 + Level 3.7 Invocations
 + Level 1.8 Evocations


You had 2 spell levels left.
You knew the following spells:

 Your Spells              Type           Power        Failure   Level  Hunger
a - Magic Dart            Conj           ####         0%          1    None
b - Dazzling Spray        Conj/Hex       ######       1%          3    None
c - Mephitic Cloud        Conj/Pois/Air  ######..     1%          3    None
d - Fulminant Prism       Conj/Hex       ######....   1%          4    None
e - Bolt of Draining      Conj/Necr      ######....   1%          5    None
f - Cause Fear            Hex            ######....   3%          4    None
g - Shroud of Golubria    Chrm/Tloc      ######....   1%          2    None
h - Iskenderun's Mystic   Conj           #######.     1%          4    None
i - Iskenderun's Battles  Conj/Chrm      ######..     1%          5    None
j - Passage of Golubria   Tloc           N/A          12%         4    None
k - Force Lance           Conj/Tloc      ######..     1%          4    None
o - Ozocubu's Armour      Chrm/Ice       ######..     1%          3    None
r - Repel Missiles        Chrm/Air       ######       1%          2    None
s - Swiftness             Chrm/Air       ######..     1%          2    None
A - Apportation           Tloc           #####.....   1%          1    None
C - Control Undead        Necr           ######....   3%          4    None
D - Animate Dead          Necr           N/A          3%          4    None
R - Regeneration          Chrm/Necr      ######....   1%          3    None
S - Animate Skeleton      Necr           N/A          1%          1    None


Dungeon Overview and Level Annotations

Branches:
Dungeon (13/15)            Temple (1/1) D:6            Lair (6/6) D:8
  Swamp (4/4) Lair:2        Snake (4/4) Lair:3        Slime (0/5) Lair:6
    Orc (2/2) D:9             Elf (0/3) Orc:2        Vaults (1/5) D:13

Altars:
Ashenzari
Cheibriados
Dithmenos
Elyvilon
Fedhas
Gozag
Hepliaklqana
Kikubaaqudgha
Makhleb
Nemelex Xobeh
Okawaru
Qazlal
Ru
Sif Muna
Trog
Uskayaw
Vehumet
Xom
Yredelemnul
Zin
The Shining One
Beogh
Jiyva

Shops:
D:4 %   D:8 *   D:12 [   Orc:2 (:*(   Snake:2 %*   Snake:3 (   Snake:4 }
Vaults:1 [

Annotations:
D:3 Dirian's ghost, amateur MiFi
D:4 exclusion: worker ant, Dirian's ghost, amateur MiFi
D:5 Gravenous's ghost, novice DrTm


Innate Abilities, Weirdness & Mutations

You can breathe bolts of dispelling energy.
Your rich purple scales are hard. (AC +10)
You cannot fit into any form of body armour.
You are cold-blooded and may be slowed by cold attacks.
You possess an exceptional clarity of mind.
Your mind is acute. (Int +2)
You passively map a small area around you.
You are very robust. (+20% HP)


Message History

The ragged hierophant dissolves into shadows!
The saltling dissolves into shadows!
The saltling hits you. You block the saltling's attack.
The saltling misses you.
The ragged hierophant gestures at you while chanting.
A blast of power from the earth and the saltlings strikes you!
* * * LOW HITPOINT WARNING * * *
The saltling hits you but does no damage.
The saltling barely misses you.
The ragged hierophant points at you and mumbles some strange words.
A blast of power from the earth and the saltlings strikes you!
* * * LOW HITPOINT WARNING * * *
As you read the scroll of teleportation, it crumbles to dust.
You feel strangely unstable.
The ironbrand convoker seems less confused.
The saltling closely misses you. The saltling completely misses you.
The saltling misses you. The saltling closely misses you.
You block the saltling's attack.
The ragged hierophant points at you and mumbles some strange words.
A blast of power from the earth and the saltlings strikes you!
You die...

,,,,,,,,,,,,*,,,,,,,,,,*,,,,,,,,,
,,,,,,*,,...*,,,8,,8,,,*,,,,,,,,,
,,,,,,,,,....*,,*,.##,,,,,,,,,,,,
,,,,,,,,,§...#,*,.8S#,§§,,,,,,,,,
,,,,,,,,,§..p.#*,.8p§#§§,,,,,,,,,
,,,,,,,,,§.....###8##§#§,,,,,,,,,
,,,,,,,,,§........8..§§§,,,,,,,,,
,,,,,,,,,§§....p889.p§.§§,,,,,,,,
,,,,,,,,,§§§....@8L88§§§§§§,,,,,,
,,,,,,,,,§§§..#88888.§§.§§§§,,,,,
,,,,,,,,,§§...##8888.§§§§§§§,,,,,
,,,,,,,,,§,§..........§..§§.,,,,,
,,,,,,,,,,,§....pp..p...§..§**,,,
,,,,,,,,,,..................,,,,,
,,,,,,,,,...................,,,,,
,,*,,,,,,..........#........,,,,,
,,,,,,,,,..........#........,,,,,


You could see 4 ragged hierophants, 2 servants of whispers, a halazid warlock, a
crystal guardian, an ironbrand convoker, a guardian serpent (wandering), a
molten gargoyle and 17 saltlings.

Vanquished Creatures
  Bai Suzhen (Swamp:3)
  Vashnia (Snake:4)
  Saint Roka (Orc:2)
  An Ice Fiend (IceCv)
  Asterion (Snake:3)
  3 thorn hunters
  Roxanne (Snake:1)
  An imperial myrmidon (Desolation)
  7 nagarajas
  Aizul (Snake:3)
  A halazid warlock (Desolation)
  A crystal guardian (Desolation)
  A minotaur (Lab)
  2 fire dragons (Swamp:4)
  5 vault guards (D:13)
  A peacekeeper (Desolation)
  3 ghost crabs
  11 hydras
  12 naga warriors
  2 centaur warriors
  13 anacondas
  A catoblepas (Lair:6)
  9 alligators
  4 shock serpents
  11 naga sharpshooters
  4 death yaks
  5 orc high priests
  Sonja (D:13)
  A fire crab (Swamp:4)
  2 salamander mystics
  3 skeletal warriors (D:11)
  5 sea snakes
  2 unseen horrors
  3 spriggan druids
  3 hill giants
  A glowing orange brain (Vaults:1)
  2 shambling mangroves (Swamp:2)
  3 naga ritualists
  2 ironbrand convokers (Desolation)
  Pikel (D:8)
  5 swamp dragons
  7 mana vipers
  A deep elf mage (D:13)
  An orc knight (Vaults:1)
  A wolf spider (Lair:6)
  A manticore (D:12)
  2 orc sorcerers (Orc:2)
  11 salamanders
  4 ugly things
  8 elephants
  8 guardian serpents
  Joseph (D:8)
  16 naga magi
  25 black mambas
  An ice statue (Swamp:4)
  2 molten gargoyles (Desolation)
  2 rime drakes (Lair:3)
  22 spiny frogs
  2 kobold demonologists
  6 ice devils (IceCv)
  7 komodo dragons
  3 freezing wraiths (IceCv)
  2 anaconda simulacra (IceCv)
  A troll (Orc:2)
  A golden dragon simulacrum (IceCv)
  A queen bee (D:11)
  11 polar bears
  A wolf spider simulacrum (IceCv)
  8 tyrant leeches
  2 two-headed ogres
  5 bog bodies
  22 hornets
  16 blink frogs
  13 slime creatures
  25 saltlings (Desolation)
  3 raiju (Lair:6)
  6 hippogriffs
  17 spriggans
  2 dire elephant simulacra (IceCv)
  3 shadows
  A redback (Lair:6)
  11 yaks
  A wyvern (Lair:4)
  A wraith (D:13)
  A steam dragon (Swamp:4)
  A golden eye (shapeshifter) (Vaults:1)
  11 vampire mosquitoes
  3 basilisks
  A death yak simulacrum (IceCv)
  19 swamp worms
  4 mottled dragons (Swamp:4)
  34 nagas
  20 insubstantial wisps
  14 wargs
  4 hydra simulacra (IceCv)
  2 soldier ants
  4 hell hounds (Lair:6)
  5 iron troll simulacra (IceCv)
  17 water moccasins
  9 swamp drakes
  5 porcupines
  13 black bears
  22 orc warriors
  A necrophage (D:6)
  A sky beast (D:13)
  5 phantoms
  An ettin simulacrum (IceCv)
  3 boggarts (Lair:6)
  3 ice beasts
  13 wolves
  7 ogres
  7 centaurs
  13 crocodiles
  4 big kobolds
  14 bullfrogs
  4 earth elementals
  2 scorpions (D:4)
  16 killer bees
  A spriggan skeleton (Lab)
  10 wights
  2 troll skeletons (Lab)
  An electric eel (Lair:2)
  A howler monkey (D:8)
  5 centaur zombies
  4 draconian simulacra (IceCv)
  2 lava snakes (Swamp:4)
  5 crimson imps
  4 jellies
  17 hounds
  3 centaur skeletons
  27 orc priests
  36 orc wizards
  Jessica (D:3)
  3 iguanas
  8 worker ants
  2 polar bear simulacra (IceCv)
  A spriggan simulacrum (IceCv)
  3 troll simulacra (IceCv)
  3 centaur simulacra (IceCv)
  3 hound skeletons
  A hound zombie (D:5)
  A worker ant zombie (D:9)
  A gnoll (D:7)
  A naga simulacrum (IceCv)
  17 adders
  3 river rats (Lair:6)
  5 shadow imps
  4 white imps (IceCv)
  4 ufetubi (IceCv)
  An ooze (D:5)
  2 adder zombies
  3 worms
  A dart slug (D:1)
  4 leopard geckos
  94 orcs
  2 ball pythons
  3 giant cockroaches
  10 goblins
  8 hobgoblins
  18 jackals
  22 kobolds
  6 quokkas
  A ball python zombie (D:5)
  6 bats
  4 frilled lizards
  A leopard gecko zombie (D:8)
  10 rats
1080 creatures vanquished.

Vanquished Creatures (collateral kills)
  3 nagarajas (Snake:4)
  A fire dragon (Swamp:4)
  2 hydras (Swamp:4)
  3 vault guards (D:13)
  4 naga warriors
  2 anacondas
  A death yak (Lair:5)
  2 shock serpents
  2 naga sharpshooters (Snake:4)
  7 sea snakes
  2 hill giants
  A shambling mangrove (Swamp:4)
  3 ugly things
  2 salamanders (Snake:3)
  4 mana vipers
  A centaur zombie (D:12)
  3 guardian serpents
  9 black mambas
  2 naga magi
  8 spiny frogs
  A centaur skeleton (D:11)
  A kobold demonologist (D:13)
  A komodo dragon (Lair:6)
  2 trolls
  2 hornets
  A tyrant leech (Swamp:3)
  A raiju (Lair:6)
  7 slime creatures (Swamp:3)
  A blink frog (Swamp:2)
  A hippogriff (Lair:6)
  A bog body (Swamp:2)
  A spriggan (Swamp:1)
  2 wyverns
  A yak (D:13)
  A hungry ghost (D:11)
  3 vampire mosquitoes (Swamp:1)
  An insubstantial wisp (Swamp:1)
  22 nagas
  2 wargs
  3 swamp worms (Swamp:3)
  3 mottled dragons
  A porcupine (Lair:5)
  7 water moccasins
  A necrophage (D:11)
  4 orc warriors
  A phantom (D:13)
  2 black bears (Lair:6)
  2 ogres
  A sky beast (D:12)
  A boggart (Lair:6)
  2 centaurs
  5 wolves
  A crocodile (Lair:5)
  A big kobold (D:13)
  2 bullfrogs
  6 killer bees
  2 wights (D:12)
  4 hounds (Lair:6)
  4 orc priests
  5 orc wizards
  An iguana (D:10)
  A worker ant (Lair:6)
  3 adders (Lair:6)
  A river rat (Lair:6)
  12 orcs
  4 kobolds
  2 ball pythons
  3 fungi (Lair:6)
  4 plants (Lair:6)
203 creatures vanquished.

Vanquished Creatures (others)
  4 swamp dragons (Swamp:4)
  2 lindwurms (Swamp:4)
  A hornet (Swamp:4)
  A steam dragon (Swamp:4)
  2 nagas
  A mottled dragon (Swamp:4)
  A swamp drake (Swamp:4)
  A bullfrog (D:8)
  A killer bee (D:11)
  A white imp (IceCv)
  An orc (Orc:2)
  3 fulminant prisms
  16 fungi
  23 plants
58 creatures vanquished.

Grand Total: 1341 creatures vanquished

Notes
Turn   | Place    | Note
-------+----------+-------------------------------------------
     0 | D:1      | nubinia the Draconian Conjurer began the quest for the Orb.
     0 | D:1      | Reached XP level 1. HP: 14/14 MP: 3/3
   231 | D:1      | Reached XP level 2. HP: 20/20 MP: 1/5
   920 | D:1      | Reached XP level 3. HP: 26/26 MP: 4/6
   925 | D:1      | Learned a level 3 spell: Dazzling Spray
  1660 | D:2      | Reached skill level 5 in Conjurations
  1822 | D:2      | Reached XP level 4. HP: 29/33 MP: 2/7
  2823 | D:3      | Noticed Dirian's ghost (amateur MiFi)
  2848 | D:2      | Reached XP level 5. HP: 38/38 MP: 4/9
  2988 | D:3      | Learned a level 4 spell: Iskenderun's Mystic Blast
  3008 | D:3      | Found an opulent altar of Gozag.
  3008 | D:3      | Found a glowing silver altar of Zin.
  3176 | D:4      | Reached skill level 3 in Spellcasting
  3266 | D:4      | Noticed Dirian's ghost (amateur MiFi)
  3701 | D:4      | Reached XP level 6. HP: 45/45 MP: 3/11
  3865 | D:3      | Noticed Jessica
  3868 | D:3      | Killed Jessica
  4236 | D:4      | Found Peudghoe's Food Emporium.
  4515 | D:5      | Entered Level 5 of the Dungeon
  4600 | D:5      | Noticed Gravenous's ghost (novice DrTm)
  4827 | D:5      | Reached skill level 4 in Spellcasting
  4898 | D:5      | Your scales start taking on a rich purple colour.
  4898 | D:5      | Reached skill level 5 in Spellcasting
  4898 | D:5      | Reached XP level 7. HP: 29/51 MP: 4/14
  4905 | D:5      | Learned a level 5 spell: Iskenderun's Battlesphere
  5220 | D:5      | Reached skill level 1 in Charms
  6436 | D:6      | Found a staircase to the Ecumenical Temple.
  6476 | Temple   | Entered the Ecumenical Temple
  6563 | Temple   | Became a worshipper of Sif Muna the Loreminder
  6740 | D:6      | Noticed a two-headed ogre
  6740 | D:6      | Noticed a hippogriff
  6761 | D:6      | Killed a hippogriff
  6761 | D:6      | Reached skill level 1 in Unarmed Combat
  6761 | D:6      | Reached skill level 1 in Hexes
  6761 | D:6      | Reached XP level 8. HP: 39/58 MP: 0/16
  6890 | D:6      | Killed a two-headed ogre
  6890 | D:6      | Reached skill level 6 in Spellcasting
  7200 | D:6      | Upgraded the game from 0.19.0-11-g3fc08b3 to 0.19.0-16-g73b5abf
  7217 | D:7      | Reached * piety under Sif Muna
  7698 | D:7      | Reached skill level 7 in Spellcasting
  8238 | D:7      | Found an iron altar of Okawaru.
  8650 | D:6      | Reached skill level 5 in Charms
  8932 | D:7      | Reached XP level 9. HP: 51/63 MP: 8/20
  9180 | D:7      | Reached ** piety under Sif Muna
  9180 | D:7      | Reached skill level 8 in Spellcasting
  9723 | D:8      | Reached skill level 1 in Fighting
  9723 | D:8      | Reached skill level 9 in Spellcasting
  9823 | D:8      | Noticed Joseph
  9874 | D:8      | Killed Joseph
 10109 | D:8      | Reached *** piety under Sif Muna
 10288 | D:8      | Found Ninymeux's Changing Room.
 10506 | D:8      | Noticed Pikel
 10546 | D:8      | Killed Pikel
 10546 | D:8      | Reached skill level 10 in Spellcasting
 10546 | D:8      | Reached XP level 10. HP: 69/73 MP: 15/24
 10582 | D:8      | Found a staircase to the Lair.
 10884 | Lair:1   | Entered Level 1 of the Lair of Beasts
 10907 | Lair:1   | Noticed a spiny frog
 10996 | Lair:1   | Killed a spiny frog
 11170 | Lair:1   | Noticed a spiny frog
 11174 | Lair:1   | Killed a spiny frog
 11182 | Lair:1   | Noticed a black mamba
 11429 | Lair:1   | Noticed a six-headed hydra
 11432 | Lair:1   | Killed a six-headed hydra
 11432 | Lair:1   | Reached **** piety under Sif Muna
 11434 | Lair:1   | Noticed a six-headed hydra
 11437 | Lair:1   | Killed a six-headed hydra
 11437 | Lair:1   | Reached skill level 11 in Spellcasting
 11483 | Lair:1   | Killed a black mamba
 11795 | Lair:1   | Noticed a spiny frog
 11800 | Lair:1   | Killed a spiny frog
 12068 | Lair:2   | Noticed a spiny frog
 12072 | Lair:2   | Killed a spiny frog
 12072 | Lair:2   | Reached XP level 11. HP: 81/81 MP: 17/26
 12290 | Lair:2   | Found a staircase to the Swamp.
 12291 | Lair:2   | Reached ***** piety under Sif Muna
 12291 | Lair:2   | Identified Sif Muna's Guide on Damaging Cold (Sif Muna gifted it to you on level 2 of the Lair of Beasts)
 12291 | Lair:2   | Received a gift from Sif Muna
 12297 | Lair:2   | Learned a level 4 spell: Fulminant Prism
 12451 | Lair:2   | Reached skill level 12 in Spellcasting
 12712 | Lair:2   | Learned a level 2 spell: Shroud of Golubria
 12720 | Lair:2   | Learned a level 3 spell: Regeneration
 13725 | Lair:3   | Found a staircase to the Snake Pit.
 14356 | Lair:3   | Noticed an eight-headed hydra
 14400 | Lair:3   | Killed an eight-headed hydra
 14400 | Lair:3   | Reached skill level 13 in Spellcasting
 14400 | Lair:3   | Reached skill level 10 in Conjurations
 15180 | Lair:4   | Got a jewelled long sword
 15184 | Lair:4   | Identified the +9 long sword of Tanyaseo {antimagic, Str+2} (You found it on level 4 of the Lair of Beasts)
 15671 | Lair:3   | Identified Xypreexzom's Volume of Shape Shifting and Summoning (Sif Muna gifted it to you on level 3 of the Lair of Beasts)
 15671 | Lair:3   | Received a gift from Sif Muna
 15819 | Lair:3   | Reached skill level 1 in Necromancy
 15819 | Lair:3   | Reached XP level 12. HP: 85/88 MP: 10/29
 16390 | Lair:5   | Noticed a death yak
 16392 | Lair:5   | Noticed a death yak
 16393 | Lair:5   | Noticed a death yak
 16393 | Lair:5   | Noticed a death yak
 16393 | Lair:5   | Noticed a death yak
 16406 | Lair:5   | Noticed a death yak
 16506 | Lair:5   | Found a labyrinth entrance.
 16518 | Lab      | Entered a labyrinth
 16769 | Lab      | Noticed a minotaur
 16773 | Lab      | Killed a minotaur
 16821 | Lab      | Identified Errur's Volume of Execration and Changing
 16920 | Lair:5   | Learned a level 1 spell: Animate Skeleton
 16980 | Lair:5   | Reached skill level 14 in Spellcasting
 17065 | Lair:5   | Reached skill level 1 in Translocations
 17188 | Lair:5   | Noticed a seven-headed hydra
 17195 | Lair:5   | Killed a seven-headed hydra
 17297 | Lair:5   | Noticed an eight-headed hydra
 17304 | Lair:5   | Killed an eight-headed hydra
 17358 | Lair:5   | Killed a death yak
 17413 | Lair:4   | Killed a death yak
 17815 | Lair:4   | Killed a death yak
 18052 | Lair:5   | Killed a death yak
 18069 | Lair:5   | Killed a death yak
 18262 | Lair:6   | Entered Level 6 of the Lair of Beasts
 18313 | Lair:6   | Identified Woepiq's Disquisition on Bewitching Lightness (Sif Muna gifted it to you on level 6 of the Lair of Beasts)
 18313 | Lair:6   | Received a gift from Sif Muna
 18322 | Lair:6   | Learned a level 4 spell: Cause Fear
 18325 | Lair:6   | Learned a level 2 spell: Swiftness
 18328 | Lair:6   | Learned a level 1 spell: Apportation
 18424 | Lair:6   | Reached skill level 15 in Spellcasting
 18428 | Lair:6   | Reached skill level 10 in Charms
 18542 | Lair:6   | Reached XP level 13. HP: 96/96 MP: 9/32
 19565 | Lair:6   | Reached skill level 5 in Stealth
 19567 | Lair:6   | Reached skill level 5 in Dodging
 19641 | Lair:6   | Found a viscous altar of Jiyva.
 19642 | Lair:6   | Found a staircase to the Slime Pits.
 19890 | Lair:6   | Identified Sif Muna's Catalogue of Harmful Moulding (Sif Muna gifted it to you on level 6 of the Lair of Beasts)
 19890 | Lair:6   | Received a gift from Sif Muna
 19893 | Lair:6   | Reached skill level 16 in Spellcasting
 20957 | Lair:6   | Upgraded the game from 0.19.0-16-g73b5abf to 0.19.0-18-g426998a
 21323 | D:9      | Found a staircase to the Orcish Mines.
 21819 | Orc:1    | Entered Level 1 of the Orcish Mines
 22402 | Orc:1    | Learned a level 5 spell: Bolt of Draining
 22429 | Orc:1    | Identified Sif Muna's Guide on Scorching Ice (Sif Muna gifted it to you on level 1 of the Orcish Mines)
 22429 | Orc:1    | Received a gift from Sif Muna
 22435 | Orc:1    | Learned a level 3 spell: Ozocubu's Armour
 22675 | Orc:1    | Found a roughly hewn altar of Beogh.
 22711 | Orc:2    | Entered Level 2 of the Orcish Mines
 23030 | Orc:2    | Found Cudd's Antique Weapon Shop.
 23030 | Orc:2    | Found Lustrem's Book Boutique.
 23111 | Orc:2    | Found Keysoaw's Assorted Antiques.
 23188 | Orc:2    | Reached XP level 14. HP: 79/105 MP: 29/34
 23379 | Orc:2    | Reached skill level 17 in Spellcasting
 23379 | Orc:2    | Reached skill level 5 in Hexes
 23442 | Orc:2    | Found Amudobem's Weapon Boutique.
 23453 | Orc:2    | Bought a scratched granite ring for 125 gold pieces
 23453 | Orc:2    | Bought 2 fuming clear potions for 45 gold pieces
 23468 | Orc:2    | Bought a polished morningstar for 207 gold pieces
 23468 | Orc:2    | Identified the cursed +0 morningstar "Ybluni" {crush, +Rage rPois MR++ Dex-4} (You bought it in a shop on level 2 of the Orcish Mines)
 23619 | Orc:2    | Noticed Saint Roka
 23845 | Swamp:1  | Entered Level 1 of the Swamp
 24665 | Swamp:1  | Received a gift from Sif Muna
 25756 | Swamp:2  | Paralysed by a hornet for 2 turns
 25919 | Swamp:2  | Reached ****** piety under Sif Muna
 25919 | Swamp:2  | Reached skill level 18 in Spellcasting
 25922 | Swamp:2  | Reached skill level 1 in Polearms
 26210 | Swamp:2  | Reached skill level 5 in Necromancy
 27456 | Swamp:3  | Noticed Bai Suzhen
 27558 | Swamp:3  | Killed Bai Suzhen
 27558 | Swamp:3  | Identified Seuh Oda's Catalogue of Assistive Cold (Sif Muna gifted it to you on level 3 of the Swamp)
 27558 | Swamp:3  | Received a gift from Sif Muna
 27558 | Swamp:3  | Reached XP level 15. HP: 92/112 MP: 12/37
 27563 | Swamp:3  | Learned a level 2 spell: Repel Missiles
 27914 | Swamp:3  | Noticed a thorn hunter
 27931 | Swamp:3  | Killed a thorn hunter
 28439 | Swamp:3  | Upgraded the game from 0.19.0-18-g426998a to 0.19.0-19-g8c6edcc
 28450 | Swamp:4  | Entered Level 4 of the Swamp
 28450 | Swamp:4  | Found a frozen archway.
 28663 | IceCv    | Entered an ice cave
 28707 | IceCv    | Reached skill level 19 in Spellcasting
 28895 | IceCv    | Got a fine trident
 28980 | IceCv    | Identified the +3 trident "Killer Klown's Curse" {freeze, Str+2 Dex+2} (You found it in an ice cave)
 29042 | IceCv    | Reached skill level 1 in Ice Magic
 29352 | IceCv    | Identified a +4 rod of inaccuracy (10/10) (You found it in an ice cave)
 29919 | IceCv    | Noticed an Ice Fiend
 30230 | IceCv    | Killed an Ice Fiend
 30230 | IceCv    | Reached skill level 1 in Evocations
 30706 | IceCv    | Identified a +1 pair of boots of running (You found it in an ice cave)
 30733 | Swamp:4  | Learned a level 4 spell: Animate Dead
 30738 | Swamp:4  | Learned a level 4 spell: Control Undead
 31019 | Swamp:3  | Paralysed by a hornet for 3 turns
 31022 | Swamp:3  | Identified Sif Muna's Catalogue of Flight and Clay (Sif Muna gifted it to you on level 3 of the Swamp)
 31022 | Swamp:3  | Received a gift from Sif Muna
 31103 | Swamp:3  | Learned a level 3 spell: Mephitic Cloud
 31156 | Swamp:4  | Noticed a thorn hunter
 31279 | Swamp:4  | Reached skill level 5 in Fighting
 31465 | Swamp:4  | Gained mutation: You are robust. (+10% HP) [potion of mutation]
 31465 | Swamp:4  | Gained mutation: You possess an exceptional clarity of mind. [potion of mutation]
 31465 | Swamp:4  | Gained mutation: You passively map a small area around you. [potion of mutation]
 31637 | Lair:1   | Gained mutation: Your mind is acute. (Int +2) [potion of beneficial mutation]
 31711 | D:8      | Bought a potion of beneficial mutation for 490 gold pieces
 31711 | D:8      | Gained mutation: You are very robust. (+20% HP) [potion of beneficial mutation]
 31898 | Swamp:4  | Killed a thorn hunter
 32918 | Swamp:4  | Got a decaying rune of Zot
 32943 | Swamp:4  | Reached skill level 20 in Spellcasting
 33070 | Swamp:4  | Noticed a thorn hunter
 33075 | Swamp:4  | Killed a thorn hunter
 33075 | Swamp:4  | Reached skill level 1 in Air Magic
 33802 | D:10     | Entered Level 10 of the Dungeon
 34232 | D:10     | Received a gift from Sif Muna
 34542 | D:10     | Reached XP level 16. HP: 142/142 MP: 40/40
 35272 | D:11     | Reached skill level 1 in Invocations
 35803 | D:12     | Found Dukem's Antique Armour Shop.
 37225 | Orc:2    | Killed Saint Roka
 37225 | Orc:2    | Identified Agarilih's Tome of Creative Confrontation (Sif Muna gifted it to you on level 2 of the Orcish Mines)
 37225 | Orc:2    | Received a gift from Sif Muna
 37325 | Orc:2    | Found a staircase to the Elven Halls.
 37728 | Snake:1  | Entered Level 1 of the Snake Pit
 37740 | Snake:1  | Noticed Roxanne
 38917 | Snake:1  | Killed Roxanne
 38922 | Snake:1  | Identified Roxanne's Disquisition on Transmigration (You took it off Roxanne on level 1 of the Snake Pit)
 39350 | Snake:2  | Identified a +8 rod of clouds (13/13) (You took it off a minotaur in a labyrinth)
 39390 | Snake:2  | Found Jeyqyo's General Store.
 39398 | Snake:2  | Found Cammel's Food Boutique.
 39928 | Snake:2  | Reached skill level 21 in Spellcasting
 40554 | Snake:3  | Noticed Asterion
 40561 | Snake:3  | Killed Asterion
 40561 | Snake:3  | Identified Sif Muna's Arcane Secrets of Wizardry (Sif Muna gifted it to you on level 3 of the Snake Pit)
 40561 | Snake:3  | Received a gift from Sif Muna
 40646 | Snake:3  | Got a smoking shield
 40657 | Snake:3  | Identified the +3 shield of the Blue Moon {rCorr} (You took it off Asterion on level 3 of the Snake Pit)
 40707 | Snake:3  | Reached XP level 17. HP: 151/151 MP: 27/42
 40707 | Snake:3  | Reached skill level 1 in Shields
 40852 | Snake:3  | Found Siotunn's Weapon Shoppe.
 41406 | Snake:3  | Reached skill level 5 in Shields
 41429 | Snake:3  | Found a shimmering altar of Xom.
 41846 | Snake:4  | Entered Level 4 of the Snake Pit
 41846 | Snake:4  | Found Uggapyuph's Gadget Shop.
 41851 | Snake:4  | Noticed Aizul
 41990 | Snake:4  | Noticed Vashnia
 42175 | Snake:3  | Killed Aizul
 43000 | Snake:3  | HP: 7/151 [poisoned by a nagaraja (splash of poison)]
 43005 | Snake:3  | HP: 5/151 [poisoned by a nagaraja (splash of poison)]
 43010 | Snake:3  | HP: 4/151 [poisoned by a nagaraja (splash of poison)]
 43016 | Snake:3  | HP: 6/151 [poisoned by a nagaraja (splash of poison)]
 43022 | Snake:3  | HP: 7/151 [poisoned by a nagaraja (splash of poison)]
 43718 | Snake:4  | Killed Vashnia
 43763 | Snake:4  | Reached skill level 1 in Poison Magic
 44001 | Snake:4  | Identified Sif Muna's Volume of Unholy Dislocation (Sif Muna gifted it to you on level 4 of the Snake Pit)
 44001 | Snake:4  | Received a gift from Sif Muna
 44786 | Snake:4  | Reached XP level 18. HP: 99/162 MP: 2/43
 44799 | Snake:4  | Got a serpentine rune of Zot
 45009 | Lair:1   | Learned a level 4 spell: Passage of Golubria
 45196 | D:13     | Reached skill level 5 in Polearms
 45460 | D:13     | Found a gate to the Vaults.
 45784 | D:13     | Noticed Sonja
 45789 | D:13     | Killed Sonja
 46116 | Vaults:1 | Entered Level 1 of the Vaults
 46209 | Vaults:1 | Found Gyuxub's Armour Shoppe.
 46261 | Vaults:1 | Found a ruined gateway.
 46306 | Desolati | Entered the Desolation of Salt
 46649 | Desolati | Reached skill level 22 in Spellcasting
 46695 | Desolati | Got a heavily runed gossamer ring
 46701 | Desolati | Identified the ring "Ravim" {+Fly Dex+2} (You found it in the Desolation of Salt)
 46893 | Desolati | Got a translucent turquoise ring
 46895 | Desolati | Identified the ring "Ubrypn" {EV+1 Str+3} (You found it in the Desolation of Salt)
 46896 | Desolati | Identified the Disquisition on the Excruciating Mountains
 46903 | Desolati | Learned a level 4 spell: Force Lance
 47022 | Desolati | Identified Sif Muna's Catalogue of Lightness and Conjuration (Sif Muna gifted it to you in the Desolation of Salt)
 47022 | Desolati | Received a gift from Sif Muna
 47023 | Desolati | Got a sparkling silver ring
 47025 | Desolati | Identified the ring "Muop" {Str-4 Int+7 Slay+1 SInv Stlth+} (You found it in the Desolation of Salt)
 47238 | Desolati | Got a crude lead ring
 47239 | Desolati | Killed from afar by a ragged hierophant

Skill      XL: |  1  2  3  4  5  6  7  8  9 10 11 12 13 14 15 16 17 18 |
---------------+-------------------------------------------------------+-----
Dodging        | 2 3 4 5 6 |  6.8
Stealth        | 2 3 4 5 6 |  6.3
Conjurations   | 5 6 7 8 9 10 11 12 13 14 | 14.6
Spellcasting   | 3 5 7 10 11 13 15 16 18 20 21 22 | 22.1
Charms         | 4 5 6 7 9 10 11 12 13 | 13.0
Unarmed Combat | 1 2 |  2.8
Hexes          | 1 2 3 4 5 6 |  6.2
Fighting       | 1 2 3 4 5 6 |  6.0
Necromancy     | 1 2 3 5 6 |  6.0
Translocations | 1 3 |  3.0
Polearms       | 2 4 5 |  5.5
Ice Magic      | 1 |  1.8
Evocations     | 1 |  1.8
Air Magic      | 1 4 |  4.5
Invocations    | 3 |  3.7
Shields        | 7 |  7.8
Poison Magic   | 1 |  1.6

Action                   |  1- 3 |  4- 6 |  7- 9 | 10-12 | 13-15 | 16-18 || total
-------------------------+-------+-------+-------+-------+-------+-------++-------
Melee: Unarmed           |    22 |    24 |    46 |       |       |       ||    92
       Tailslap          |     4 |     4 |    16 |     5 |    24 |   100 ||   153
       Dagger            |       |       |    11 |       |       |       ||    11
       Great sword       |       |       |       |    56 |    96 |       ||   152
       Staff             |       |       |       |     1 |     1 |       ||     2
       Trident           |       |       |       |       |   100 |   806 ||   906
       Punch             |       |       |       |       |     1 |       ||     1
 Cast: Magic Dart        |    78 |   159 |   266 |   212 |   581 |   288 ||  1584
       Dazzling Spray    |       |       |    68 |   102 |   153 |    91 ||   414
       Iskenderun's Myst |       |       |     7 |    22 |   174 |    71 ||   274
       Iskenderun's Batt |       |       |    10 |    94 |   215 |   133 ||   452
       Shroud of Golubri |       |       |       |    11 |    15 |    26 ||    52
       Regeneration      |       |       |       |     7 |     6 |    18 ||    31
       Fulminant Prism   |       |       |       |     3 |       |       ||     3
       Animate Skeleton  |       |       |       |    22 |   139 |    20 ||   181
       Bolt of Draining  |       |       |       |       |    89 |   196 ||   285
       Cause Fear        |       |       |       |       |     6 |     7 ||    13
       Swiftness         |       |       |       |       |     1 |     4 ||     5
       Ozocubu's Armour  |       |       |       |       |    18 |    30 ||    48
       Animate Dead      |       |       |       |       |    19 |   104 ||   123
       Mephitic Cloud    |       |       |       |       |     2 |    87 ||    89
       Repel Missiles    |       |       |       |       |     2 |     7 ||     9
       Control Undead    |       |       |       |       |     1 |     6 ||     7
       Apportation       |       |       |       |       |       |     5 ||     5
Invok: Divine Energy     |       |       |     1 |       |       |       ||     1
       Channel Magic     |       |       |       |       |     2 |     8 ||    10
 Abil: Breathe Dispellin |       |       |     5 |       |     3 |     1 ||     9
Evoke: Wand              |       |       |       |       |    16 |    20 ||    36
       Phial of floods   |       |       |       |       |     2 |     2 ||     4
       Rod               |       |       |       |       |     2 |     5 ||     7
  Use: Scroll            |       |     9 |     6 |    13 |    20 |    11 ||    59
       Potion            |       |     1 |     3 |     1 |     9 |     3 ||    17
 Stab: Sleeping          |       |     1 |     2 |       |     2 |     5 ||    10
       Invisible         |       |       |     1 |     4 |     6 |     4 ||    15
       Distracted        |       |       |       |       |     4 |    10 ||    14
       Confused          |       |       |       |       |       |    26 ||    26
  Eat: Chunk             |     4 |    10 |    19 |    29 |    48 |    25 ||   135
       Royal jelly       |       |       |     1 |     1 |     5 |     4 ||    11
       Bread ration      |       |       |       |     1 |     1 |       ||     2
       Beef jerky        |       |       |       |     1 |       |     2 ||     3
       Pizza             |       |       |       |     1 |       |     2 ||     3
       Meat ration       |       |       |       |       |       |     2 ||     2
       Fruit             |       |       |       |       |       |     2 ||     2
Armor: Skin              |     9 |    31 |    61 |    33 |   206 |   320 ||   660
Dodge: Dodged            |    28 |    54 |   118 |    91 |   415 |   506 ||  1212
       Deflected         |       |       |       |       |     3 |    59 ||    62
Block: Buckler           |       |       |       |       |    25 |    63 ||    88
       Shield            |       |       |       |       |       |   364 ||   364
       Rpst.: Great sword |       |       |     8 |    19 |    37 |       ||    64
